Gangsters vs Thunder
Created - 4 février 2014 at 19:03
Goals
|
| Gangsters |
1 |
2 |
1 |
4 |
| Thunder |
0 |
0 |
1 |
1 |
|
Shots
|
| Gangsters |
7 |
12 |
7 |
26 |
| Thunder |
16 |
7 |
21 |
44 |
|
1st period
1. Gangsters , Ryan Jones 14 (Bryan Young) at 13:41
Penalties :
Cory Murphy (Bro) for Holding (Minor) at 17:51
2nd period
2. Gangsters , Ben Holmstrom 3 (Alexei Emelin) at 2:06
3. Gangsters , Igor Radulov 39 (Maxime Sauvé, Bryan Young) at 12:45
Penalties :
Colten Teubert (Bro) for Hooking (Minor) at 6:33, Derek Peltier (TRO) for High sticking (Double Minor) at 16:01
3rd period
4. Thunder , Joey Crabb 9 (Alexei Semenov, Doug Janik) at 2:46
5. Gangsters , Maxime Sauvé 2 (Ville Koistinen, Alexei Emelin) at 19:32
Penalties :
Daultan Leveillé (TRO) for Hooking (Minor) at 14:57
Goalie Stats
David LeNeveu (Bro), 43 saves from 44 shots - (0,977), W, 15-13-3, 60:00 minutes
Ben Bishop (TRO), 22 saves from 26 shots - (0,846), L, 4-10-2, 60:00 minutes
Players Stats for Gangsters
Player Name G A P +/- PIM S H SB GA TA FO MP PP MP PK MP
------------------------------------------------------------------------------------
Alexandre Bolduc 0 0 0 0 0 1 2 0 0 0 7/19 19:24 2:54 0:26
Alexei Emelin 0 2 2 1 0 1 2 2 0 3 0/0 21:33 2:26 1:52
Ben Holmstrom 1 0 1 1 0 3 1 0 0 0 1/10 13:18 0:24 0:00
Bradley Malone 0 0 0 0 0 0 0 0 0 0 0/0 0:14 0:00 0:00
Brock Bradford 0 0 0 1 0 2 1 0 0 0 7/10 18:00 2:40 0:00
Bryan Young 0 2 2 1 0 1 0 1 0 1 0/0 14:27 0:24 0:15
Chris Bourque 0 0 0 1 0 0 3 0 1 1 1/1 19:30 2:40 1:37
Colten Teubert 0 0 0 1 2 0 0 1 0 1 0/0 15:10 0:00 0:56
Cory Murphy 0 0 0 1 2 2 4 1 0 0 0/0 23:46 3:32 1:10
Dave Dziurzynski 0 0 0 0 0 1 1 0 0 0 0/0 12:28 0:00 0:00
Igor Radulov 1 0 1 1 0 3 3 0 1 0 2/2 23:44 2:54 1:50
Luke Gazdic 0 0 0 1 0 0 0 0 0 0 0/0 7:00 0:00 0:24
Maxime Sauvé 1 1 2 2 0 1 0 0 0 0 1/2 8:43 0:00 0:50
Mikko Lehtonen 0 0 0 1 0 0 2 0 0 0 1/1 13:33 0:24 0:00
Nathan Moon 0 0 0 0 0 0 0 0 0 0 0/0 0:00 0:00 0:00
Phil McRae 0 0 0 0 0 0 0 0 0 0 0/0 0:00 0:00 0:00
Ryan Jones 1 0 1 1 0 6 1 2 0 1 1/2 18:48 2:40 0:55
Ryan Keller 0 0 0 0 0 0 1 0 2 0 0/2 20:25 2:54 1:54
Staffan Kronwall 0 0 0 1 0 1 1 3 0 0 0/0 24:50 3:32 2:17
Ville Koistinen 0 1 1 1 0 4 0 2 0 0 0/0 21:07 2:26 1:26
Players Stats for Thunder
Player Name G A P +/- PIM S H SB GA TA FO MP PP MP PK MP
------------------------------------------------------------------------------------
Alexei Semenov 0 1 1 0 0 4 2 3 1 1 0/0 26:44 2:20 3:08
Brandon Mashinter 0 0 0 -1 0 0 1 0 0 0 2/6 10:51 0:00 0:00
Brett Festerling 0 0 0 -1 0 0 1 1 0 0 0/0 14:46 0:00 2:17
Casey Pierro-Zabotel 0 0 0 -1 0 1 1 0 0 0 0/0 7:35 0:00 0:00
Daniel Winnik 0 0 0 -2 0 2 6 0 1 0 0/0 19:18 2:02 1:21
Dany Roussin 0 0 0 1 0 3 1 0 1 0 0/1 20:00 1:50 2:41
Daultan Leveillé 0 0 0 -1 2 3 1 0 1 0 2/3 7:35 0:00 0:00
Derek Peltier 0 0 0 -2 4 1 0 0 1 0 0/0 18:50 1:38 0:33
Doug Janik 0 1 1 0 0 4 2 0 1 2 0/0 27:03 2:20 3:27
Jannik Hansen 0 0 0 -2 0 0 0 0 0 0 0/0 7:55 0:06 0:00
Jeff Finger 0 0 0 -2 0 1 2 2 0 0 0/0 20:28 1:38 2:31
Joey Crabb 1 0 1 0 0 3 2 0 0 0 0/0 17:16 1:50 0:00
Matt D'Agostini 0 0 0 -1 0 0 2 0 0 0 0/0 19:13 2:02 1:30
Ray Macias 0 0 0 -1 0 1 0 1 0 1 0/0 12:29 0:00 0:00
Robin Leblanc 0 0 0 -1 0 4 1 1 0 0 1/1 11:11 0:06 0:00
Samuel Pahlsson 0 0 0 -1 0 5 1 1 0 0 14/23 21:02 2:02 2:57
Scott Parse 0 0 0 -1 0 7 3 0 1 0 0/2 12:54 0:06 1:48
Tom Pyatt 0 0 0 1 0 5 3 1 0 0 9/13 18:50 1:50 1:39
3 Stars
1 - David LeNeveu (Bro)
2 - Maxime Sauvé (Bro)
3 - Igor Radulov (Bro)
Power Play
Gangsters - 0 on 3 Attempt(s) - 0,00%
Thunder - 0 on 2 Attempt(s) - 0,00%
Penalty Kill
Gangsters - 2 on 2 Attempt(s) - 100,00%
- Score 0 goal in Penalty Kill
Thunder - 3 on 3 Attempt(s) - 100,00%
- Score 0 goal in Penalty Kill
Official
Referees : Meier Brad and Pochmara Brian
Linesman : Brad Kovachik and Steve Barton
Game Notes
13:55 of 1st period - Thunder goal is going for a video replay. After video review, No Goal. The puck has been kicked using a distinct kicking motion.
Finance
Level 1 -- Attendance: 1358 (67,90%) -- Ticket Income 47 530 $
Level 2 -- Attendance: 744 (74,40%) -- Ticket Income 11 160 $
Total Attendance: 2102 (70,07%)
Total Ticket Income: 58 690 $
Other Income: 2 934 $
Total Income: 61 624 $
Gangsters
5 vs 5 Forward
Center Left Wing Right Wing Time % Phy DF OF
1 Alexandre Bolduc Igor Radulov Ryan Keller 40 1 2 2
2 Brock Bradford Chris Bourque Ryan Jones 30 1 2 2
3 Ben Holmstrom Dave Dziurzynski Mikko Lehtonen 20 1 2 2
4 Maxime Sauvé Luke Gazdic Igor Radulov 10 1 2 2
5 vs 5 Defense
Defense Defense Time % Phy DF OF
1 Staffan Kronwall Cory Murphy 40 1 2 2
2 Alexei Emelin Ville Koistinen 30 1 2 2
3 Bryan Young Colten Teubert 20 1 2 2
4 Staffan Kronwall Cory Murphy 10 1 2 2
PowerPlay Forward
Center Left Wing Right Wing Time % Phy DF OF
1 Alexandre Bolduc Igor Radulov Ryan Keller 60 1 2 2
2 Brock Bradford Chris Bourque Ryan Jones 40 1 2 2
PowerPlay Defense
Defense Defense Time % Phy DF OF
1 Staffan Kronwall Cory Murphy 60 1 2 2
2 Alexei Emelin Ville Koistinen 40 1 2 2
Penalty Kill 4 Players Forward
Center Wing Time % Phy DF OF
1 Igor Radulov Ryan Keller 60 1 2 2
2 Chris Bourque Ryan Jones 40 1 2 2
Penalty Kill 4 Players Defense
Defense Defense Time % Phy DF OF
1 Staffan Kronwall Cory Murphy 60 1 2 2
2 Alexei Emelin Ville Koistinen 40 1 2 2
Penalty Kill - 3 Players Forward
Forward Time % Phy DF OF
1 Igor Radulov 60 1 2 2
2 Ryan Keller 40 1 2 2
Penalty Kill - 3 Players Defense
Defense Defense Time % Phy DF OF
1 Staffan Kronwall Cory Murphy 60 1 2 2
2 Alexei Emelin Ville Koistinen 40 1 2 2
4 vs 4 Forward
Center Wing Time % Phy DF OF
1 Igor Radulov Ryan Keller 60 1 2 2
2 Chris Bourque Ryan Jones 40 1 2 2
4 vs 4 Defense
Defense Defense Time % Phy DF OF
1 Staffan Kronwall Cory Murphy 60 1 2 2
2 Alexei Emelin Ville Koistinen 40 1 2 2
Last Minutes Offensive
Center Left Wing Right Wing Defense Defense
Alexandre Bolduc Igor Radulov Ryan Keller Staffan Kronwall Cory Murphy
Last Minutes Defensive
Center Left Wing Right Wing Defense Defense
Alexandre Bolduc Igor Radulov Ryan Keller Staffan Kronwall Cory Murphy
Goaltenders
Starting : David LeNeveu
Backup : Dustin Tokarski
Extra Forwards
Normal : Mikko Lehtonen, Ben Holmstrom, Maxime Sauvé - PP : Mikko Lehtonen, Ben Holmstrom - PK : Maxime Sauvé
Extra Defensemen
Normal : Bryan Young, Colten Teubert, Alexei Emelin - PP : Bryan Young - PK : Colten Teubert, Alexei Emelin
Penalty Shots
Igor Radulov, Ryan Keller, Chris Bourque, Ryan Jones, Alexandre Bolduc
Thunder
5 vs 5 Forward
Center Left Wing Right Wing Time % Phy DF OF
1 Samuel Pahlsson Daniel Winnik Matt D'Agostini 40 1 2 2
2 Tom Pyatt Dany Roussin Joey Crabb 30 1 2 2
3 Brandon Mashinter Scott Parse Robin Leblanc 20 1 2 2
4 Daultan Leveillé Casey Pierro-Zabotel Jannik Hansen 10 1 2 2
5 vs 5 Defense
Defense Defense Time % Phy DF OF
1 Alexei Semenov Doug Janik 40 1 2 2
2 Jeff Finger Derek Peltier 30 1 2 2
3 Ray Macias Brett Festerling 20 1 2 2
4 Alexei Semenov Doug Janik 10 1 2 2
PowerPlay Forward
Center Left Wing Right Wing Time % Phy DF OF
1 Samuel Pahlsson Daniel Winnik Matt D'Agostini 60 1 2 2
2 Tom Pyatt Dany Roussin Joey Crabb 40 1 2 2
PowerPlay Defense
Defense Defense Time % Phy DF OF
1 Alexei Semenov Doug Janik 60 1 2 2
2 Jeff Finger Derek Peltier 40 1 2 2
Penalty Kill 4 Players Forward
Center Wing Time % Phy DF OF
1 Samuel Pahlsson Dany Roussin 60 1 2 2
2 Tom Pyatt Matt D'Agostini 40 1 2 2
Penalty Kill 4 Players Defense
Defense Defense Time % Phy DF OF
1 Alexei Semenov Doug Janik 60 1 2 2
2 Jeff Finger Derek Peltier 40 1 2 2
Penalty Kill - 3 Players Forward
Forward Time % Phy DF OF
1 Matt D'Agostini 60 1 2 2
2 Samuel Pahlsson 40 1 2 2
Penalty Kill - 3 Players Defense
Defense Defense Time % Phy DF OF
1 Alexei Semenov Doug Janik 60 1 2 2
2 Jeff Finger Derek Peltier 40 1 2 2
4 vs 4 Forward
Center Wing Time % Phy DF OF
1 Samuel Pahlsson Matt D'Agostini 60 1 2 2
2 Tom Pyatt Scott Parse 40 1 2 2
4 vs 4 Defense
Defense Defense Time % Phy DF OF
1 Alexei Semenov Doug Janik 60 1 2 2
2 Jeff Finger Derek Peltier 40 1 2 2
Last Minutes Offensive
Center Left Wing Right Wing Defense Defense
Samuel Pahlsson Daniel Winnik Matt D'Agostini Alexei Semenov Doug Janik
Last Minutes Defensive
Center Left Wing Right Wing Defense Defense
Samuel Pahlsson Daniel Winnik Matt D'Agostini Alexei Semenov Doug Janik
Goaltenders
Starting : Ben Bishop
Backup : Barry Brust
Extra Forwards
Normal : Daniel Winnik, Robin Leblanc, Jannik Hansen - PP : Daniel Winnik, Robin Leblanc - PK : Scott Parse
Extra Defensemen
Normal : Ray Macias, Brett Festerling, Jeff Finger - PP : Ray Macias - PK : Brett Festerling, Jeff Finger
Penalty Shots
Matt D'Agostini, Samuel Pahlsson, Dany Roussin, Scott Parse, Daniel Winnik
% Time on Ice - Gangsters
Lines # - Real PCT - Wanted PCT - Time Play
Normal Forward
1 - 32% - 40% - 16:14
2 - 30% - 30% - 15:13
3 - 25% - 20% - 12:28
4 - 12% - 10% - 6:09
Normal Defense
1 - 37% - 40% - 18:29
2 - 34% - 30% - 17:15
3 - 27% - 20% - 13:44
4 - 1% - 10% - 0:36
PP Forward
1 - 55% - 60% - 3:18
2 - 45% - 40% - 2:40
PP Defense
1 - 59% - 60% - 3:32
2 - 41% - 40% - 2:26
PK Forward
1 - 77% - 60% - 3:03
2 - 23% - 40% - 0:55
PK Defense
1 - 64% - 60% - 2:32
2 - 36% - 40% - 1:26
PK3 Forward
1 - 0% - 60%
2 - 0% - 40%
PK3 Defense
1 - 0% - 60%
2 - 0% - 40%
44 Forward
1 - 0% - 60%
2 - 0% - 40%
44 Defense
1 - 0% - 60%
2 - 0% - 40%
Last Minute Offensive - 0:00
Last Minute Defensive - 0:00
Total
Forward - 60:00
Defense - 60:00
|
% Time on Ice - Thunder
Lines # - Real PCT - Wanted PCT - Time Play
Normal Forward
1 - 33% - 40% - 16:17
2 - 31% - 30% - 15:21
3 - 22% - 20% - 10:51
4 - 15% - 10% - 7:35
Normal Defense
1 - 38% - 40% - 19:08
2 - 33% - 30% - 16:19
3 - 25% - 20% - 12:29
4 - 4% - 10% - 2:08
PP Forward
1 - 54% - 60% - 2:08
2 - 46% - 40% - 1:50
PP Defense
1 - 59% - 60% - 2:20
2 - 41% - 40% - 1:38
PK Forward
1 - 75% - 60% - 4:28
2 - 25% - 40% - 1:30
PK Defense
1 - 38% - 60% - 2:16
2 - 62% - 40% - 3:42
PK3 Forward
1 - 0% - 60%
2 - 0% - 40%
PK3 Defense
1 - 0% - 60%
2 - 0% - 40%
44 Forward
1 - 0% - 60%
2 - 0% - 40%
44 Defense
1 - 0% - 60%
2 - 0% - 40%
Last Minute Offensive - 0:00
Last Minute Defensive - 0:00
Total
Forward - 60:00
Defense - 60:00
|
Play by Play
1st period
0:01 of 1st period - Alexandre Bolduc wins face-off versus Samuel Pahlsson in neutral zone.
0:04 of 1st period - Daniel Winnik is hit by Ryan Keller and loses puck.
0:51 of 1st period - Slapshot by Mikko Lehtonen.
0:51 of 1st period - Shot Misses the Net.
1:13 of 1st period - Slapshot by Igor Radulov.
1:13 of 1st period - Shot Blocked by Jeff Finger.
1:51 of 1st period - Snap shot by Ryan Keller.
1:51 of 1st period - Shot Blocked by Ray Macias.
2:01 of 1st period - Slapshot by Dany Roussin.
2:01 of 1st period - Stopped by David LeNeveu without a rebound.
2:02 of 1st period - Robin Leblanc wins face-off versus Ben Holmstrom in Gangsters zone.
2:03 of 1st period - Snap shot by Scott Parse.
2:03 of 1st period - Shot Blocked by Bryan Young.
2:05 of 1st period - Slapshot by Robin Leblanc.
2:05 of 1st period - Deflect By Scott Parse.
2:05 of 1st period - Stopped by David LeNeveu with a rebound.
2:11 of 1st period - Wrist shot by Robin Leblanc.
2:11 of 1st period - Stopped by David LeNeveu with a rebound.
2:13 of 1st period - Snap shot by Scott Parse.
2:13 of 1st period - Deflect By Brandon Mashinter.
2:13 of 1st period - Shot Blocked by Colten Teubert.
2:13 of 1st period - Puck is out of play.
2:14 of 1st period - Samuel Pahlsson wins face-off versus Alexandre Bolduc in Gangsters zone.
3:11 of 1st period - Jeff Finger is hit by Ben Holmstrom.
3:51 of 1st period - Snap shot by Joey Crabb.
3:51 of 1st period - Stopped by David LeNeveu with a rebound.
3:53 of 1st period - Snap shot by Ray Macias.
3:53 of 1st period - Shot Blocked by Ville Koistinen.
4:07 of 1st period - Samuel Pahlsson is hit by Alexandre Bolduc and loses puck.
4:41 of 1st period - Alexei Semenov is hit by Cory Murphy and loses puck.
5:14 of 1st period - Staffan Kronwall is hit by Samuel Pahlsson.
6:49 of 1st period - Snap shot by Scott Parse.
6:49 of 1st period - Deflect By Robin Leblanc.
6:49 of 1st period - Stopped by David LeNeveu without a rebound.
6:50 of 1st period - Samuel Pahlsson wins face-off versus Ben Holmstrom in Gangsters zone.
6:55 of 1st period - Snap shot by Daniel Winnik.
6:55 of 1st period - Deflect By Matt D'Agostini.
6:55 of 1st period - Shot Misses the Net.
6:55 of 1st period - Puck is out of play.
6:56 of 1st period - Samuel Pahlsson wins face-off versus Ben Holmstrom in Gangsters zone.
7:03 of 1st period - Slapshot by Mikko Lehtonen.
7:03 of 1st period - Shot Misses the Net.
7:05 of 1st period - Snap shot by Dave Dziurzynski.
7:05 of 1st period - Stopped by Ben Bishop with a rebound.
7:07 of 1st period - Slapshot by Cory Murphy.
7:07 of 1st period - Stopped by Ben Bishop without a rebound.
7:08 of 1st period - Alexandre Bolduc wins face-off versus Samuel Pahlsson in Thunder zone.
7:09 of 1st period - Wrist shot by Igor Radulov.
7:09 of 1st period - Shot Misses the Net.
7:17 of 1st period - Snap shot by Igor Radulov.
7:17 of 1st period - Shot Blocked by Alexei Semenov.
7:19 of 1st period - Slapshot by Cory Murphy.
7:19 of 1st period - Shot Blocked by Alexei Semenov.
7:33 of 1st period - Cory Murphy is hit by Alexei Semenov and loses puck.
7:42 of 1st period - Doug Janik is hit by Brock Bradford and loses puck.
8:42 of 1st period - Snap shot by Chris Bourque.
8:42 of 1st period - Deflect By Brock Bradford.
8:42 of 1st period - Shot Blocked by Samuel Pahlsson.
8:42 of 1st period - Puck is out of play.
8:43 of 1st period - Ben Holmstrom wins face-off versus Tom Pyatt in Thunder zone.
9:27 of 1st period - Snap shot by Ryan Jones.
9:27 of 1st period - Stopped by Ben Bishop without a rebound.
9:28 of 1st period - Brock Bradford wins face-off versus Brandon Mashinter in Thunder zone.
10:02 of 1st period - Slapshot by Daniel Winnik.
10:02 of 1st period - Stopped by David LeNeveu with a rebound.
10:04 of 1st period - Slapshot by Samuel Pahlsson.
10:04 of 1st period - Stopped by David LeNeveu with a rebound.
10:40 of 1st period - Alexei Semenov is hit by Chris Bourque and loses puck.
10:55 of 1st period - Ville Koistinen is hit by Daniel Winnik and loses puck.
11:04 of 1st period - Slapshot by Igor Radulov.
11:04 of 1st period - Shot Misses the Net.
11:16 of 1st period - Ville Koistinen is hit by Scott Parse and loses puck.
11:21 of 1st period - Slapshot by Robin Leblanc.
11:21 of 1st period - Stopped by David LeNeveu without a rebound.
11:22 of 1st period - Chris Bourque wins face-off versus Tom Pyatt in Gangsters zone.
13:16 of 1st period - Snap shot by Scott Parse.
13:16 of 1st period - Stopped by David LeNeveu without a rebound.
13:17 of 1st period - Brock Bradford wins face-off versus Brandon Mashinter in Gangsters zone.
13:19 of 1st period - Icing by Ryan Jones.
13:20 of 1st period - Brock Bradford wins face-off versus Brandon Mashinter in Gangsters zone.
13:25 of 1st period - Snap shot by Ryan Jones.
13:25 of 1st period - Stopped by Ben Bishop with a rebound.
13:41 of 1st period - Slapshot by Ryan Jones.
13:41 of 1st period - Goal by Ryan Jones - Gangsters : 1 - Thunder : 0.
13:42 of 1st period - Samuel Pahlsson wins face-off versus Alexandre Bolduc in neutral zone.
13:49 of 1st period - Snap shot by Matt D'Agostini.
13:49 of 1st period - Shot Blocked by Staffan Kronwall.
13:51 of 1st period - Slapshot by Alexei Semenov.
13:51 of 1st period - Shot Blocked by Staffan Kronwall.
13:53 of 1st period - Wrist shot by Samuel Pahlsson.
13:53 of 1st period - Stopped by David LeNeveu with a rebound.
13:55 of 1st period - Wrist shot by Samuel Pahlsson.
13:55 of 1st period - Thunder goal is going for a video replay.
13:55 of 1st period - The goal is refused. The puck has been kicked using a distinct kicking motion..
13:56 of 1st period - Tom Pyatt wins face-off versus Alexandre Bolduc in Gangsters zone.
14:28 of 1st period - Wrist shot by Matt D'Agostini.
14:28 of 1st period - Shot Hit the Post.
14:34 of 1st period - Jeff Finger is hit by Cory Murphy and loses puck.
14:49 of 1st period - Alexei Emelin is hit by Robin Leblanc and loses puck.
14:54 of 1st period - Wrist shot by Robin Leblanc.
14:54 of 1st period - Stopped by David LeNeveu with a rebound.
14:56 of 1st period - Wrist shot by Scott Parse.
14:56 of 1st period - Stopped by David LeNeveu with a rebound.
14:58 of 1st period - Backhand shot by Brandon Mashinter.
14:58 of 1st period - Shot Misses the Net.
15:10 of 1st period - Ray Macias is hit by Alexei Emelin and loses puck.
16:14 of 1st period - Derek Peltier is hit by Mikko Lehtonen and loses puck.
16:55 of 1st period - Snap shot by Jeff Finger.
16:55 of 1st period - Stopped by David LeNeveu without a rebound.
16:56 of 1st period - Daultan Leveillé wins face-off versus Ben Holmstrom in Gangsters zone.
17:07 of 1st period - Snap shot by Ben Holmstrom.
17:07 of 1st period - Stopped by Ben Bishop with a rebound.
17:09 of 1st period - Slapshot by Bryan Young.
17:09 of 1st period - Stopped by Ben Bishop with a rebound.
17:11 of 1st period - Wrist shot by Mikko Lehtonen.
17:11 of 1st period - Shot Misses the Net.
17:21 of 1st period - Doug Janik is hit by Chris Bourque and loses puck.
17:30 of 1st period - Slapshot by Daultan Leveillé.
17:30 of 1st period - Stopped by David LeNeveu with a rebound.
17:32 of 1st period - Snap shot by Brett Festerling.
17:32 of 1st period - Shot Misses the Net.
17:34 of 1st period - Wrist shot by Daultan Leveillé.
17:34 of 1st period - Shot Misses the Net.
17:36 of 1st period - Wrist shot by Casey Pierro-Zabotel.
17:36 of 1st period - Shot Misses the Net.
17:38 of 1st period - Slapshot by Ray Macias.
17:38 of 1st period - Shot Misses the Net.
17:40 of 1st period - Wrist shot by Casey Pierro-Zabotel.
17:40 of 1st period - Deflect By Chris Bourque.
17:40 of 1st period - Stopped by David LeNeveu without a rebound.
17:41 of 1st period - Alexandre Bolduc wins face-off versus Samuel Pahlsson in Gangsters zone.
17:51 of 1st period - Minor Penalty to Cory Murphy for Holding.
17:52 of 1st period - Igor Radulov wins face-off versus Samuel Pahlsson in Gangsters zone.
19:28 of 1st period - Derek Peltier is hit by Ryan Jones and loses puck.
19:51 of 1st period - Penalty to Cory Murphy is over, Cory Murphy is back on ice.
Goals for this period are 1 for Gangsters vs 0 for Thunder.
Shots for this period are 7 for Gangsters vs 16 for Thunder.
2nd period
0:01 of 2nd period - Alexandre Bolduc wins face-off versus Samuel Pahlsson in neutral zone.
0:40 of 2nd period - Slapshot by Tom Pyatt.
0:40 of 2nd period - Stopped by David LeNeveu without a rebound.
0:41 of 2nd period - Brandon Mashinter wins face-off versus Ben Holmstrom in Gangsters zone.
0:42 of 2nd period - Slapshot by Scott Parse.
0:42 of 2nd period - Shot Misses the Net.
1:06 of 2nd period - Alexandre Bolduc is hit by Matt D'Agostini and loses puck.
1:35 of 2nd period - Snap shot by Ryan Jones.
1:35 of 2nd period - Stopped by Ben Bishop without a rebound.
1:36 of 2nd period - Samuel Pahlsson wins face-off versus Ryan Keller in Thunder zone.
2:06 of 2nd period - Slapshot by Ben Holmstrom.
2:06 of 2nd period - Goal by Ben Holmstrom - Gangsters : 2 - Thunder : 0.
2:07 of 2nd period - Tom Pyatt wins face-off versus Alexandre Bolduc in neutral zone.
2:10 of 2nd period - Snap shot by Dany Roussin.
2:10 of 2nd period - Stopped by David LeNeveu with a rebound.
2:14 of 2nd period - Snap shot by Tom Pyatt.
2:14 of 2nd period - Shot Blocked by Cory Murphy.
2:51 of 2nd period - Jeff Finger is hit by Mikko Lehtonen and loses puck.
3:00 of 2nd period - Slapshot by Derek Peltier.
3:00 of 2nd period - Stopped by David LeNeveu with a rebound.
3:33 of 2nd period - Slapshot by Samuel Pahlsson.
3:33 of 2nd period - Stopped by David LeNeveu with a rebound.
3:49 of 2nd period - Snap shot by Ben Holmstrom.
3:49 of 2nd period - Stopped by Ben Bishop without a rebound.
3:50 of 2nd period - Tom Pyatt wins face-off versus Ben Holmstrom in Thunder zone.
3:55 of 2nd period - Mikko Lehtonen is hit by Dany Roussin and loses puck.
4:21 of 2nd period - Wrist shot by Scott Parse.
4:21 of 2nd period - Shot Hit the Post.
4:54 of 2nd period - Jannik Hansen is hit by Dave Dziurzynski and loses puck.
5:13 of 2nd period - Alexei Emelin is hit by Tom Pyatt and loses puck.
6:33 of 2nd period - Minor Penalty to Colten Teubert for Hooking.
6:34 of 2nd period - Igor Radulov wins face-off versus Samuel Pahlsson in Gangsters zone.
7:21 of 2nd period - Samuel Pahlsson is hit by Staffan Kronwall and loses puck.
8:33 of 2nd period - Penalty to Colten Teubert is over, Colten Teubert is back on ice.
8:57 of 2nd period - Slapshot by Derek Peltier.
8:57 of 2nd period - Shot Misses the Net.
8:59 of 2nd period - Slapshot by Jeff Finger.
8:59 of 2nd period - Deflect By Brandon Mashinter.
8:59 of 2nd period - Shot Misses the Net.
8:59 of 2nd period - Puck is out of play.
9:00 of 2nd period - Daultan Leveillé wins face-off versus Ben Holmstrom in Gangsters zone.
9:10 of 2nd period - Off-side.
9:11 of 2nd period - Brock Bradford wins face-off versus Tom Pyatt in neutral zone.
9:36 of 2nd period - Alexei Semenov is hit by Igor Radulov.
10:15 of 2nd period - Igor Radulov is hit by Alexei Semenov and loses puck.
10:20 of 2nd period - Slapshot by Alexei Semenov.
10:20 of 2nd period - Deflect By Staffan Kronwall.
10:20 of 2nd period - Stopped by David LeNeveu without a rebound.
10:21 of 2nd period - Ryan Jones wins face-off versus Dany Roussin in Gangsters zone.
10:29 of 2nd period - Off-side.
10:30 of 2nd period - Tom Pyatt wins face-off versus Brock Bradford in neutral zone.
10:43 of 2nd period - Wrist shot by Ryan Jones.
10:43 of 2nd period - Shot Misses the Net.
10:53 of 2nd period - Alexei Emelin is hit by Joey Crabb and loses puck.
11:22 of 2nd period - Snap shot by Ryan Jones.
11:22 of 2nd period - Shot Misses the Net.
11:24 of 2nd period - Snap shot by Brock Bradford.
11:24 of 2nd period - Shot Misses the Net.
11:26 of 2nd period - Slapshot by Brock Bradford.
11:26 of 2nd period - Stopped by Ben Bishop with a rebound.
11:40 of 2nd period - Slapshot by Ryan Jones.
11:40 of 2nd period - Shot Misses the Net.
11:42 of 2nd period - Slapshot by Ville Koistinen.
11:42 of 2nd period - Stopped by Ben Bishop with a rebound.
11:44 of 2nd period - Slapshot by Ville Koistinen.
11:44 of 2nd period - Shot Blocked by Jeff Finger.
11:46 of 2nd period - Slapshot by Chris Bourque.
11:46 of 2nd period - Shot Misses the Net.
11:48 of 2nd period - Wrist shot by Ryan Jones.
11:48 of 2nd period - Stopped by Ben Bishop with a rebound.
11:50 of 2nd period - Slapshot by Alexei Emelin.
11:50 of 2nd period - Stopped by Ben Bishop without a rebound.
11:51 of 2nd period - Samuel Pahlsson wins face-off versus Alexandre Bolduc in Thunder zone.
11:58 of 2nd period - Staffan Kronwall is hit by Daniel Winnik and loses puck.
12:29 of 2nd period - Snap shot by Scott Parse.
12:29 of 2nd period - Stopped by David LeNeveu with a rebound.
12:31 of 2nd period - Wrist shot by Scott Parse.
12:31 of 2nd period - Stopped by David LeNeveu without a rebound.
12:32 of 2nd period - Maxime Sauvé wins face-off versus Daultan Leveillé in Gangsters zone.
12:39 of 2nd period - Ray Macias is hit by Igor Radulov.
12:45 of 2nd period - Snap shot by Maxime Sauvé.
12:45 of 2nd period - Deflect By Igor Radulov.
12:45 of 2nd period - Goal by Igor Radulov - Gangsters : 3 - Thunder : 0.
12:46 of 2nd period - Samuel Pahlsson wins face-off versus Alexandre Bolduc in neutral zone.
12:59 of 2nd period - Snap shot by Ryan Keller.
12:59 of 2nd period - Shot Misses the Net.
13:01 of 2nd period - Wrist shot by Alexandre Bolduc.
13:01 of 2nd period - Stopped by Ben Bishop with a rebound.
13:58 of 2nd period - Wrist shot by Igor Radulov.
13:58 of 2nd period - Stopped by Ben Bishop with a rebound.
14:14 of 2nd period - Brock Bradford is hit by Jeff Finger.
15:23 of 2nd period - Doug Janik is hit by Alexandre Bolduc and loses puck.
15:36 of 2nd period - Ryan Jones is hit by Daniel Winnik and loses puck.
16:01 of 2nd period - Double Minor Penalty to Derek Peltier for High sticking.
16:02 of 2nd period - Samuel Pahlsson wins face-off versus Ryan Jones in Thunder zone.
16:17 of 2nd period - Wrist shot by Ryan Jones.
16:17 of 2nd period - Stopped by Ben Bishop with a rebound.
16:47 of 2nd period - Brock Bradford is hit by Tom Pyatt and loses puck.
16:56 of 2nd period - Wrist shot by Matt D'Agostini.
16:56 of 2nd period - Shot Blocked by Ville Koistinen.
16:58 of 2nd period - Backhand shot by Jeff Finger.
16:58 of 2nd period - Shot Blocked by Ryan Jones.
17:22 of 2nd period - Jeff Finger is hit by Cory Murphy and loses puck.
18:02 of 2nd period - Doug Janik is hit by Alexei Emelin and loses puck.
18:32 of 2nd period - Icing by Igor Radulov.
18:33 of 2nd period - Alexandre Bolduc wins face-off versus Scott Parse in Gangsters zone.
18:33 of 2nd period - Alexandre Bolduc is hit by Jeff Finger.
18:56 of 2nd period - Slapshot by Staffan Kronwall.
18:56 of 2nd period - Stopped by Ben Bishop with a rebound.
19:06 of 2nd period - Wrist shot by Matt D'Agostini.
19:06 of 2nd period - Shot Misses the Net.
19:38 of 2nd period - Daniel Winnik is hit by Chris Bourque and loses puck.
Goals for this period are 2 for Gangsters vs 0 for Thunder.
Shots for this period are 12 for Gangsters vs 7 for Thunder.
3rd period
0:01 of 3rd period - Penalty to Derek Peltier is over, Derek Peltier is back on ice.
0:01 of 3rd period - Alexandre Bolduc wins face-off versus Samuel Pahlsson in neutral zone.
0:25 of 3rd period - Cory Murphy is hit by Scott Parse and loses puck.
0:44 of 3rd period - Alexei Emelin is hit by Doug Janik and loses puck.
0:49 of 3rd period - Snap shot by Doug Janik.
0:49 of 3rd period - Shot Misses the Net.
0:51 of 3rd period - Slapshot by Jannik Hansen.
0:51 of 3rd period - Deflect By Daultan Leveillé.
0:51 of 3rd period - Stopped by David LeNeveu with a rebound.
0:53 of 3rd period - Slapshot by Alexei Semenov.
0:53 of 3rd period - Shot Blocked by Alexei Emelin.
0:55 of 3rd period - Backhand shot by Jannik Hansen.
0:55 of 3rd period - Shot Blocked by Alexei Emelin.
1:07 of 3rd period - Snap shot by Igor Radulov.
1:07 of 3rd period - Stopped by Ben Bishop with a rebound.
1:27 of 3rd period - Snap shot by Brock Bradford.
1:27 of 3rd period - Shot Blocked by Brett Festerling.
1:29 of 3rd period - Slapshot by Ville Koistinen.
1:29 of 3rd period - Stopped by Ben Bishop with a rebound.
1:31 of 3rd period - Slapshot by Ville Koistinen.
1:31 of 3rd period - Stopped by Ben Bishop without a rebound.
1:32 of 3rd period - Samuel Pahlsson wins face-off versus Ben Holmstrom in Thunder zone.
1:37 of 3rd period - Dave Dziurzynski is hit by Daniel Winnik.
1:58 of 3rd period - Igor Radulov is hit by Tom Pyatt and loses puck.
2:03 of 3rd period - Snap shot by Dany Roussin.
2:03 of 3rd period - Shot Blocked by Staffan Kronwall.
2:05 of 3rd period - Backhand shot by Ray Macias.
2:05 of 3rd period - Stopped by David LeNeveu without a rebound.
2:06 of 3rd period - Tom Pyatt wins face-off versus Alexandre Bolduc in Gangsters zone.
2:40 of 3rd period - Slapshot by Doug Janik.
2:40 of 3rd period - Stopped by David LeNeveu with a rebound.
2:42 of 3rd period - Wrist shot by Alexei Semenov.
2:42 of 3rd period - Stopped by David LeNeveu with a rebound.
2:46 of 3rd period - Slapshot by Joey Crabb.
2:46 of 3rd period - Goal by Joey Crabb - Gangsters : 3 - Thunder : 1.
2:47 of 3rd period - Samuel Pahlsson wins face-off versus Alexandre Bolduc in neutral zone.
2:56 of 3rd period - Slapshot by Samuel Pahlsson.
2:56 of 3rd period - Stopped by David LeNeveu without a rebound.
2:57 of 3rd period - Samuel Pahlsson wins face-off versus Alexandre Bolduc in Gangsters zone.
3:06 of 3rd period - Snap shot by Daniel Winnik.
3:06 of 3rd period - Stopped by David LeNeveu without a rebound.
3:07 of 3rd period - Samuel Pahlsson wins face-off versus Alexandre Bolduc in Gangsters zone.
3:13 of 3rd period - Icing by Ryan Keller.
3:14 of 3rd period - Samuel Pahlsson wins face-off versus Alexandre Bolduc in Gangsters zone.
3:41 of 3rd period - Slapshot by Doug Janik.
3:41 of 3rd period - Shot Misses the Net.
3:43 of 3rd period - Snap shot by Dany Roussin.
3:43 of 3rd period - Shot Blocked by Ryan Jones.
3:45 of 3rd period - Snap shot by Alexei Semenov.
3:45 of 3rd period - Stopped by David LeNeveu without a rebound.
3:46 of 3rd period - Tom Pyatt wins face-off versus Ryan Keller in Gangsters zone.
4:57 of 3rd period - Maxime Sauvé is hit by Casey Pierro-Zabotel and loses puck.
5:10 of 3rd period - Colten Teubert is hit by Joey Crabb and loses puck.
5:48 of 3rd period - Wrist shot by Mikko Lehtonen.
5:48 of 3rd period - Shot Blocked by Robin Leblanc.
5:50 of 3rd period - Wrist shot by Ville Koistinen.
5:50 of 3rd period - Stopped by Ben Bishop with a rebound.
5:52 of 3rd period - Snap shot by Mikko Lehtonen.
5:52 of 3rd period - Shot Misses the Net.
6:03 of 3rd period - Off-side.
6:04 of 3rd period - Tom Pyatt wins face-off versus Brock Bradford in neutral zone.
6:47 of 3rd period - Off-side.
6:48 of 3rd period - Mikko Lehtonen wins face-off versus Brandon Mashinter in neutral zone.
9:06 of 3rd period - Bryan Young is hit by Daultan Leveillé and loses puck.
9:15 of 3rd period - Snap shot by Daultan Leveillé.
9:15 of 3rd period - Stopped by David LeNeveu with a rebound.
10:56 of 3rd period - Snap shot by Scott Parse.
10:56 of 3rd period - Shot Misses the Net.
11:13 of 3rd period - Snap shot by Alexei Emelin.
11:13 of 3rd period - Shot Blocked by Tom Pyatt.
11:15 of 3rd period - Slapshot by Maxime Sauvé.
11:15 of 3rd period - Deflect By Ryan Keller.
11:15 of 3rd period - Shot Misses the Net.
11:15 of 3rd period - Puck is out of play.
11:16 of 3rd period - Tom Pyatt wins face-off versus Alexandre Bolduc in Thunder zone.
11:22 of 3rd period - Backhand shot by Tom Pyatt.
11:22 of 3rd period - Stopped by David LeNeveu with a rebound.
11:24 of 3rd period - Snap shot by Joey Crabb.
11:24 of 3rd period - Shot Misses the Net.
11:52 of 3rd period - Wrist shot by Dany Roussin.
11:52 of 3rd period - Shot Misses the Net.
11:54 of 3rd period - Wrist shot by Doug Janik.
11:54 of 3rd period - Stopped by David LeNeveu with a rebound.
11:56 of 3rd period - Snap shot by Joey Crabb.
11:56 of 3rd period - Shot Misses the Net.
11:58 of 3rd period - Slapshot by Alexei Semenov.
11:58 of 3rd period - Shot Misses the Net.
12:00 of 3rd period - Wrist shot by Dany Roussin.
12:00 of 3rd period - Shot Misses the Net.
12:06 of 3rd period - Backhand shot by Tom Pyatt.
12:06 of 3rd period - Stopped by David LeNeveu with a rebound.
12:08 of 3rd period - Slapshot by Doug Janik.
12:08 of 3rd period - Shot Misses the Net.
12:10 of 3rd period - Snap shot by Dany Roussin.
12:10 of 3rd period - Shot Misses the Net.
12:12 of 3rd period - Slapshot by Doug Janik.
12:12 of 3rd period - Stopped by David LeNeveu with a rebound.
12:14 of 3rd period - Slapshot by Tom Pyatt.
12:14 of 3rd period - Stopped by David LeNeveu with a rebound.
12:18 of 3rd period - Wrist shot by Joey Crabb.
12:18 of 3rd period - Stopped by David LeNeveu with a rebound.
12:20 of 3rd period - Slapshot by Alexei Semenov.
12:20 of 3rd period - Deflect By Alexandre Bolduc.
12:20 of 3rd period - Stopped by David LeNeveu with a rebound.
13:02 of 3rd period - Snap shot by Dany Roussin.
13:02 of 3rd period - Shot Misses the Net.
13:04 of 3rd period - Slapshot by Doug Janik.
13:04 of 3rd period - Stopped by David LeNeveu without a rebound.
13:05 of 3rd period - Brock Bradford wins face-off versus Samuel Pahlsson in Gangsters zone.
13:05 of 3rd period - Brock Bradford is hit by Matt D'Agostini.
13:13 of 3rd period - Snap shot by Cory Murphy.
13:13 of 3rd period - Stopped by Ben Bishop with a rebound.
13:15 of 3rd period - Slapshot by Cory Murphy.
13:15 of 3rd period - Deflect By Brock Bradford.
13:15 of 3rd period - Stopped by Ben Bishop without a rebound.
13:16 of 3rd period - Brock Bradford wins face-off versus Samuel Pahlsson in Thunder zone.
13:27 of 3rd period - Derek Peltier is hit by Cory Murphy and loses puck.
13:42 of 3rd period - Dave Dziurzynski is hit by Scott Parse and loses puck.
13:49 of 3rd period - Wrist shot by Scott Parse.
13:49 of 3rd period - Stopped by David LeNeveu with a rebound.
14:23 of 3rd period - Luke Gazdic is hit by Brett Festerling and loses puck.
14:57 of 3rd period - Minor Penalty to Daultan Leveillé for Hooking.
14:58 of 3rd period - Samuel Pahlsson wins face-off versus Brock Bradford in Thunder zone.
15:59 of 3rd period - Slapshot by Scott Parse.
15:59 of 3rd period - Stopped by David LeNeveu without a rebound.
16:00 of 3rd period - Brock Bradford wins face-off versus Scott Parse in Gangsters zone.
16:00 of 3rd period - Brock Bradford is hit by Daniel Winnik.
16:57 of 3rd period - Penalty to Daultan Leveillé is over, Daultan Leveillé is back on ice.
17:03 of 3rd period - Off-side.
17:04 of 3rd period - Tom Pyatt wins face-off versus Ben Holmstrom in neutral zone.
17:11 of 3rd period - Snap shot by Tom Pyatt.
17:11 of 3rd period - Stopped by David LeNeveu without a rebound.
17:12 of 3rd period - Brandon Mashinter wins face-off versus Maxime Sauvé in Gangsters zone.
17:39 of 3rd period - Bryan Young is hit by Daniel Winnik and loses puck.
18:06 of 3rd period - Mikko Lehtonen is hit by Doug Janik and loses puck.
18:11 of 3rd period - Snap shot by Dany Roussin.
18:11 of 3rd period - Stopped by David LeNeveu with a rebound.
18:45 of 3rd period - Brock Bradford is hit by Brandon Mashinter and loses puck.
19:05 of 3rd period - Matt D'Agostini is hit by Igor Radulov and loses puck.
19:30 of 3rd period - Slapshot by Ville Koistinen.
19:30 of 3rd period - Shot Blocked by Alexei Semenov.
19:32 of 3rd period - Backhand shot by Ville Koistinen.
19:32 of 3rd period - Deflect By Maxime Sauvé.
19:32 of 3rd period - Goal by Maxime Sauvé - Gangsters : 4 - Thunder : 1.
19:33 of 3rd period - Alexandre Bolduc wins face-off versus Tom Pyatt in neutral zone.
Goals for this period are 1 for Gangsters vs 1 for Thunder.
Shots for this period are 7 for Gangsters vs 21 for Thunder.
Output by the SimonT Hockey Simulator (STHS) for François Prévost -- Original Page W3C XHTML 1.0 Valid